 Dungeon Crawl Stone Soup version 0.29-a0-802-g34511f41fd (webtiles) character file.

Game seed: 9364310550027795135

557 riojii the Cudgeller (level 7, -5/43 HPs)
             Began as a Gargoyle Gladiator on July 3, 2022.
             Slain by a killer bee (7 damage)
             ... on level 4 of the Dungeon.
             The game lasted 00:07:26 (4850 turns).

riojii the Cudgeller (Gargoyle Gladiator)           Turns: 4850, Time: 00:07:26

Health: -5/43      AC: 17    Str: 20    XL:     7   Next: 30%
Magic:  0/7        EV:  6    Int:  8    God:
Gold:   156        SH:  6    Dex: 11    Spells: 6/6 levels left

rFire   . . .      SeeInvis .   a - +0 flail
rCold   . . .      Faith    .   k - +0 kite shield
rNeg    + . .      Spirit   +   q - +0 chain mail
rPois   ∞          Reflect  .   c - +0 helmet
rElec   +          Harm     .   m - +0 cloak
rCorr   .          Rampage  .   (no gloves)
Will    .....                   o - +0 pair of boots
Stlth   ..........              b - amulet of guardian spirit
HPRegen 0.14/turn               (no ring)
MPRegen 0.10/turn               (no ring)

@: no status effects
A: sickness immunity, AC +4, negative energy resistance 1, electricity
resistance, torment resistance 1, petrification resistance
a: no special abilities


You were on level 4 of the Dungeon.
You visited 1 branch of the dungeon, and saw 4 of its levels.

You collected 156 gold pieces.

Inventory:

Hand Weapons
 a - a +0 flail (weapon)
Armour
 c - a +0 helmet (worn)
 k - a +0 kite shield (worn)
 m - a +0 cloak (worn)
 o - a +0 pair of boots (worn)
 q - a +0 chain mail (worn)
Jewellery
 b - an amulet of guardian spirit (around neck)
Scrolls
 f - 4 scrolls of teleportation
Potions
 e - 2 potions of attraction
 g - 2 potions of lignification
 i - a potion of brilliance {unknown}
 n - a potion of magic {unknown}


   Skills:
 + Level 4.3 Fighting
 * Level 5.6 Maces & Flails
 - Level 1.7 Throwing
 + Level 3.3 Armour
 + Level 3.7 Dodging


You had 6 spell levels left.
You didn't know any spells.
Your spell library contained the following spells:

 Spells                   Type           Power      Damage    Failure   Level
 Beastly Appendage        Tmut           0%         N/A       100%        1
 Scorch                   Fire           0%         2d5       100%        2
 Static Discharge         Conj/Air       0%         3-3/arc   100%        2
 Wereblood                Tmut           0%         N/A       100%        2
 Spider Form              Tmut/Pois      0%         N/A       100%        3
 Summon Guardian Golem    Hex/Summ       0%         N/A       100%        3
 Flame Wave               Conj/Fire      0%         2d4       100%        4
 Lightning Bolt           Conj/Air       0%         1d11      100%        5
 Summon Cactus Giant      Summ           0%         N/A       100%        6
 Orb of Destruction       Conj           0%         9d5       100%        7
 Spellforged Servitor     Conj/Summ      0%         N/A       100%        7
 Maxwell's Capacitive Co  Air            0%         ∞         100%        8


Dungeon Overview and Level Annotations

Branches:
Dungeon (4/15)
 Temple: D:4-7

Altars:
Vehumet


Innate Abilities, Weirdness & Mutations

You are immune to sickness and miasma.
Your stone body is resilient. (AC +4)
You are immune to poison.
You resist negative energy. (rN+)
You are resistant to electric shocks. (rElec)
You are resistant to unholy torment.
You are immune to petrification.


Message History

The killer bee stings you but does no damage. x2
You miss the killer bee.
The killer bee stings you but does no damage. x2
You closely miss the killer bee.
The killer bee stings you but does no damage.
You block the killer bee's attack.
The killer bee stings you but does no damage.
You completely miss the killer bee.
The killer bee stings you but does no damage. x2
You miss the killer bee.
The killer bee stings you but does no damage. x3
You hit the killer bee.
The killer bee is moderately wounded.
The killer bee stings you but does no damage. x3
You hit the killer bee.
The killer bee is moderately wounded.
The killer bee barely misses you.
The killer bee stings you but does no damage.
You miss the killer bee.
The killer bee is moderately wounded.
You feel less wooden.
Your +0 cloak unmelds from your body.
Your +0 helmet unmelds from your body.
Your +0 pair of boots unmelds from your body.
Your +0 chain mail unmelds from your body.
The killer bee stings you.
* * * LOW HITPOINT WARNING * * *
The killer bee stings you.
* * * LOW HITPOINT WARNING * * *
The killer bee stings you but does no damage.
You miss the killer bee.
The killer bee is moderately wounded.
The killer bee stings you but does no damage.
You block the killer bee's attack. The killer bee barely misses you.
You miss the killer bee.
The killer bee is moderately wounded.
The killer bee stings you but does no damage. x2
You barely miss the killer bee.
The killer bee is moderately wounded.
The killer bee barely misses you. The killer bee stings you!
You die...

##################
#.................
#@################
#y# .y. #....
#..... #......
#....... #........


You could see 2 killer bees.

Vanquished Creatures
  The ghost of TorpidAnima the Shield-Bearer, an amateur MiFi (D:3)
  4 killer bees (D:4)
  Natasha (thrice) (D:2)
  2 orc wizards (D:3)
  4 adders
  A worm (D:2)
  5 dart slugs
  18 orcs (D:3)
  9 endoplasms
  6 giant cockroaches
  6 goblins
  10 hobgoblins
  3 jackals (D:1)
  2 kobolds
  4 quokkas (D:2)
  10 ball pythons
  6 bats
  3 frilled lizards
  7 rats
104 creatures vanquished.

Vanquished Creatures (others)
  A plant (D:2)
1 creature vanquished.

Grand Total: 105 creatures vanquished

Notes
Turn   | Place    | Note
-------+----------+-------------------------------------------
     0 | D:1      | riojii the Gargoyle Gladiator began the quest for the Orb.
     0 | D:1      | Reached XP level 1. HP: 12/12 MP: 1/1
    92 | D:1      | Reached XP level 2. HP: 8/18 MP: 2/2
   413 | D:1      | Reached skill level 1 in Armour
   416 | D:1      | Reached XP level 3. HP: 18/22 MP: 3/3
   553 | D:1      | Found a faded altar of an unknown god.
  1563 | D:2      | Reached XP level 4. HP: 27/27 MP: 4/4
  1739 | D:2      | Found a radiant altar of Vehumet.
  2233 | D:2      | Noticed Natasha
  2241 | D:2      | Killed Natasha
  2242 | D:2      | Reached skill level 4 in Maces & Flails
  2416 | D:2      | Noticed Natasha
  2870 | D:2      | Killed Natasha
  2871 | D:2      | Reached XP level 5. HP: 32/32 MP: 5/5
  3102 | D:2      | Noticed Natasha
  3117 | D:2      | Killed Natasha
  4134 | D:3      | Found a runed translucent gate.
  4134 | D:3      | Found a runed translucent gate.
  4140 | D:3      | Identified the +8 sling "Cetsops" {flame, Int+6 Dex-5}
  4140 | D:3      | Identified the +0 scale mail of Pragmatism {Will- Dex+5}
  4163 | D:3      | Reached XP level 6. HP: 36/37 MP: 3/6
  4370 | D:3      | Noticed TorpidAnima's ghost (amateur MiFi)
  4372 | D:3      | Found a runed translucent gate.
  4435 | D:3      | Killed TorpidAnima's ghost
  4436 | D:3      | Reached skill level 5 in Maces & Flails
  4773 | D:4      | Reached XP level 7. HP: 43/43 MP: 3/7
  4847 | D:4      | HP: 1/43 [killer bee (4)]
  4850 | D:4      | Slain by a killer bee

Illustrated notes

Levels and vault maps discovered:
D:1:      grunt_arrival_crossed_arrows, layout_rooms,
          nicolae_ecumenical_snake_handling
D:2:      layout_loops_corners, basic_altar, serial_bayou_pond_b,
          nicolae_concentric_dashed_squares_wild, uniq_natasha
D:3:      minmay_bubble_buster, layout_basic, biasface_ghost_orc_armoury,
          grunt_ministairs_9
D:4:      layout_basic, nicolae_tso_besieged_by_evil,
          mainiacjoe_overflow_cross_hatched

Skill      XL: |  1  2  3  4  5  6 |
---------------+-------------------+-----
Armour         | 1 2 3 |  3.3
Fighting       | 3 4 |  4.3
Maces & Flails | 4 5 |  5.6
Dodging        | 3 |  3.7
Throwing       | |  1.7

Action                   |  1- 3 |  4- 6 |  7- 9 || total
-------------------------+-------+-------+-------++-------
Melee: Flail             |   128 |   208 |    76 ||   412
  Use: Scroll            |     3 |     6 |       ||     9
       Potion            |       |     4 |     2 ||     6
Armor: Leather armour    |    66 |    19 |       ||    85
       Chain mail        |       |    63 |    60 ||   123
       Scale mail        |       |    16 |       ||    16
       Skin              |       |     9 |    36 ||    45
Dodge: Dodged            |    66 |    65 |    28 ||   159
Block: Kite shield       |    32 |    53 |    41 ||   126

Table legend: (Time is in decaauts)
 A = Elapsed time spent in this place.
 B = Non-inter-level travel time spent in this place.
 C = Inter-level travel time spent in this place.
 D = Time resting spent in this place.
 E = Time spent auto-exploring this place.
 F = Levels seen in this place.
 G = Mean time per level.
                   A        B        C        D        E       F      G
               +--------+--------+--------+--------+--------+-----+--------+
         Total |   4970 |   4439 |    531 |    696 |   2720 |   4 | 1242.5 |
       Dungeon |   4970 |   4439 |    531 |    696 |   2720 |   4 | 1242.5 |
               +--------+--------+--------+--------+--------+-----+--------+

Top non-repeatable levels by time:
     D:2: 2228 daAuts
     D:1: 1307 daAuts
     D:3: 1235 daAuts
     D:4: 198 daAuts
